 Dungeon Crawl Stone Soup version 0.30-a0-782-ge64f9170bb (webtiles) character file.

Game seed: 8408468425319627061

599 Crownlay the Chiller (level 7, -3/70 (76) HPs)
             Began as a Gnoll Ice Elementalist on Feb 24, 2023.
             Slain by a wight
             ... wielding a +3 flail
              (9 damage)
             ... on level 4 of the Dungeon.
             The game lasted 00:03:55 (3348 turns).

Crownlay the Chiller (Gnoll Ice Elementalist)       Turns: 3348, Time: 00:03:56

HP:   -3/70 (76)    AC: 12    Str:  7    XL:     7   Next: 41%
MP:   12/15         EV: 14    Int: 16    God:
Gold: 178           SH:  0    Dex: 13    Spells: 10/17 levels left

rFire   x . .      SeeInvis .    r - +1 falchion (elec)
rCold   + . .      Faith    .    (no shield)
rNeg    . . .      Spirit   .    a - +0 robe
rPois   .          Reflect  .    c - +1 helmet
rElec   .          Harm     .    (no cloak)
rCorr   .          Rampage  .    (no gloves)
Will    .....                    (no boots) Stlth
                                 (no amulet)
HPRegen 0.31/turn                g - ring of ice
MPRegen 0.14/turn                (no ring)

@: berserking, ice-armoured, drained, very quick
A: fangs 1, strong nose, distributed training
a: no special abilities


You were on level 4 of the Dungeon.
You visited 1 branch of the dungeon, and saw 4 of its levels.

You collected 178 gold pieces.

Inventory:

Hand Weapons
 r - a +1 falchion of electrocution (weapon)
Missiles
 n - 2 throwing nets
Armour
 a - a +0 robe (worn)
 c - a +1 helmet (worn)
Jewellery
 g - a ring of ice (left hand)
Wands
 q - a wand of polymorph (6)
Scrolls
 d - a scroll of fear {unknown}
 e - 3 scrolls of identify {unknown}
 f - 2 scrolls of blinking {unknown}
 h - a scroll of brand weapon {unknown}
 j - a scroll of poison {unknown}
 l - 3 scrolls of amnesia {unknown}
 m - a scroll of vulnerability {unknown}
 t - a scroll of summoning {unknown}
Potions
 b - a potion of magic
 i - 2 potions of berserk rage
 k - a potion of haste {unknown}
 o - a potion of degeneration {unknown}
 p - a potion of cancellation {unknown}
 s - 2 potions of curing {unknown}


   Skills:
 + Level 2.5 Fighting
 + Level 2.5 Short Blades
 + Level 2.5 Long Blades
 + Level 2.5 Axes
 + Level 2.5 Maces & Flails
 + Level 2.5 Polearms
 + Level 2.5 Staves
 + Level 2.5 Ranged Weapons
 + Level 2.5 Throwing
 + Level 2.5 Armour
 + Level 5.3 Dodging
 + Level 4.9 Stealth
 + Level 2.5 Shields
 + Level 2.5 Unarmed Combat
 + Level 5.6 Spellcasting
 + Level 2.1 Conjurations
 + Level 2.1 Hexes
 + Level 2.1 Summonings
 + Level 2.1 Necromancy
 + Level 2.1 Translocations
 + Level 2.1 Transmutations
 + Level 2.1 Fire Magic
 + Level 7.4 Ice Magic
 + Level 2.1 Air Magic
 + Level 2.1 Earth Magic
 + Level 2.1 Poison Magic
 + Level 2.8 Invocations
 + Level 2.5 Evocations


You had 10 spell levels left.
You knew the following spells:

 Your Spells              Type           Power      Damage    Failure   Level
a - Freeze                Ice            100%       1d10      1%          1
b - Frozen Ramparts       Ice            84%        1d13      1%          3
c - Ozocubu's Armour      Ice            42%        N/A       1%          3

Your spell library contained the following spells:

 Spells                   Type           Power      Damage    Failure   Level
 Slow                     Hex            44%        N/A       6%          1
 Sting                    Tmut/Pois      44%        1d5       6%          1
 Cigotuvi's Dreadful Rot  Necr/Pois/Air  22%        N/A       9%          2
 Poisonous Vapours        Pois/Air       22%        N/A       9%          2
 Sublimation of Blood     Necr           11%        N/A       9%          2
 Confusing Touch          Hex            11%        N/A       19%         3
 Vampiric Draining        Necr           11%        2d6       19%         3
 Summon Ice Beast         Ice/Summ       29%        N/A       21%         4
 Dispel Undead            Necr           11%        3d9       52%         4
 Olgreb's Toxic Radiance  Pois           11%        N/A       52%         4
 Petrify                  Tmut/Erth      11%        N/A       52%         4
 Irradiate                Conj/Tmut      5%         3d13      86%         5
 Death Channel            Necr           5%         N/A       100%        6


Dungeon Overview and Level Annotations

Branches:
Dungeon (4/15)
 Temple: D:4-7

Altars:
Kikubaaqudgha
Nemelex Xobeh
Vehumet


Innate Abilities, Weirdness & Mutations

You have very sharp teeth.
Your uncanny sense of smell can sniff out nearby items.
Your experience applies equally to all skills.


Message History

The mummy barely misses you.
You hit the mummy.
The mummy is almost destroyed.
You hit the mummy.
You destroy the mummy!
There is an open door, spattered with blood here.
You open the door.
A wight comes into view. It is wielding a +3 flail.
The wight barely misses you.
There is an open door here.
You closely miss the wight. You bite the wight, but do no damage.
The wight closely misses you.
You barely miss the wight. You bite the wight, but do no damage.
The wight hits you with a +3 flail.
You feel drained.
You barely miss the wight. Your bite misses the wight.
The wight hits you with a +3 flail!
You closely miss the wight. The wight hits you with a +3 flail!
You hit the wight.
The wight is lightly damaged.
The wight hits you with a +3 flail!
* * * LOW HITPOINT WARNING * * *
The wight barely misses you.
You hit the wight.
The wight is moderately damaged.
The wight hits you with a +3 flail!
* * * LOW HITPOINT WARNING * * *
You feel drained.
* * * LOW HITPOINT WARNING * * *
Casting: Freeze (safe; 1% risk of failure)
Confirm with . or Enter, or press ? or * to list all spells.
You feel a surge of power! A film of ice covers your body!
The wight misses you.
It was a potion of berserk rage.
A red film seems to cover your vision as you go berserk!
You feel yourself moving faster!
You feel mighty! The wight hits you but does no damage.
You barely miss the wight.
The wight is moderately damaged.
The wight hits you with a +3 flail!
You die...

.....# ## # .....## .. #
......##### #. #
....#.....# #.# #
..#.#####.######
#############.## .##.#
#......# #.#.#†#.#.##8...
###.#
######.#+#'#'#'#'#'####..
#.# #.#............)....
#)# ###@#'#'#'#'#'###...
###>#####
#z#_#.#.#.#.##8...
...))...#
###############...
........# #.###...##
........# #.#.....#
........#########
##.#.....#
................#
#..#.....#
...###.########.#####
#.##.....# ...#.....#
#.....###.##.....#


You could see a wight.

Vanquished Creatures
  2 necrophages (D:4)
  A wight (D:4)
  A human zombie (D:4)
  An orc priest (D:4)
  An iguana (D:2)
  A scorpion zombie (D:4)
  2 orc wizards (D:4)
  A hound zombie (D:4)
  2 mummies (D:4)
  Robin (D:4)
  6 gnolls
  4 adders
  2 adder zombies (D:4)
  A worm (D:3)
  3 dart slugs
  17 orcs
  A ball python (D:1)
  7 endoplasms
  A giant cockroach (D:3)
  13 goblins
  9 hobgoblins
  6 jackals (D:1)
  2 quokkas
  7 bats
  A frilled lizard (D:3)
  5 kobolds
  5 rats
103 creatures vanquished.

Notes
Turn   | Place    | Note
-------+----------+-------------------------------------------
     0 | D:1      | Crownlay the Gnoll Ice Elementalist began the quest for the
                  | Orb.
     0 | D:1      | Reached XP level 1. HP: 13/13 MP: 6/6
    73 | D:1      | Reached XP level 2. HP: 16/19 MP: 1/7
   859 | D:1      | Reached skill level 5 in Spellcasting
   859 | D:1      | Reached XP level 3. HP: 25/25 MP: 6/9
  1120 | D:2      | Learned a level 3 spell: Frozen Ramparts
  1124 | D:2      | Learned a level 3 spell: Ozocubu's Armour
  1183 | D:2      | Reached skill level 1 in Invocations
  1265 | D:2      | Reached skill level 1 in Fighting
  1265 | D:2      | Reached skill level 1 in Short Blades
  1265 | D:2      | Reached skill level 1 in Long Blades
  1265 | D:2      | Reached skill level 1 in Axes
  1265 | D:2      | Reached skill level 1 in Maces & Flails
  1265 | D:2      | Reached skill level 1 in Polearms
  1265 | D:2      | Reached skill level 1 in Staves
  1265 | D:2      | Reached skill level 1 in Ranged Weapons
  1265 | D:2      | Reached skill level 1 in Throwing
  1265 | D:2      | Reached skill level 1 in Armour
  1265 | D:2      | Reached skill level 1 in Shields
  1265 | D:2      | Reached skill level 1 in Unarmed Combat
  1265 | D:2      | Reached skill level 1 in Evocations
  1344 | D:2      | Reached XP level 4. HP: 32/32 MP: 9/11
  1350 | D:2      | Reached skill level 1 in Conjurations
  1350 | D:2      | Reached skill level 1 in Hexes
  1350 | D:2      | Reached skill level 1 in Summonings
  1350 | D:2      | Reached skill level 1 in Necromancy
  1350 | D:2      | Reached skill level 1 in Translocations
  1350 | D:2      | Reached skill level 1 in Transmutations
  1350 | D:2      | Reached skill level 1 in Fire Magic
  1350 | D:2      | Reached skill level 1 in Air Magic
  1350 | D:2      | Reached skill level 1 in Earth Magic
  1350 | D:2      | Reached skill level 1 in Poison Magic
  1714 | D:3      | Found a sparkling altar of Nemelex Xobeh.
  1828 | D:3      | Found a faded altar of an unknown god.
  2035 | D:3      | Reached XP level 5. HP: 19/37 MP: 2/12
  2709 | D:4      | Reached XP level 6. HP: 41/44 MP: 3/13
  2793 | D:4      | Found the +7 staff of the Meek {protect, meekguard}
  2892 | D:4      | Found a radiant altar of Vehumet.
  2896 | D:4      | Noticed Robin
  2905 | D:4      | Killed Robin
  2906 | D:4      | Reached skill level 5 in Dodging
  3231 | D:4      | Reached XP level 7. HP: 47/51 MP: 15/15
  3315 | D:4      | Found an ancient bone altar of Kikubaaqudgha.
  3348 | D:4      | Slain by a wight

Illustrated notes

Levels and vault maps discovered:
D:1:      eino_arrival_cavern_e, layout_basic, minmay_misc_feat_rows,
          minmay_pentomino_v4
D:2:      layout_rooms, minmay_distorted
D:3:      layout_loops_ring, nemelex_xobeh_ov_fountains_minmay,
          ebering_ecumenical_altar_sacrificial, minmay_between
D:4:      layout_rooms, lemuel_mausoleum_altar_kikubaaqudgha,
          nicolae_vehumet_radiance, pf_guarded_unrand_meek, uniq_robin

Skill      XL: |  1  2  3  4  5  6  7 |
---------------+----------------------+-----
Spellcasting   | 5 |  5.6
Invocations    | 1 2 |  2.8
Fighting       | 1 2 |  2.5
Short Blades   | 1 2 |  2.5
Long Blades    | 1 2 |  2.5
Axes           | 1 2 |  2.5
Maces & Flails | 1 2 |  2.5
Polearms       | 1 2 |  2.5
Staves         | 1 2 |  2.5
Ranged Weapons | 1 2 |  2.5
Throwing       | 1 2 |  2.5
Armour         | 1 2 |  2.5
Shields        | 1 2 |  2.5
Unarmed Combat | 1 2 |  2.5
Evocations     | 1 2 |  2.5
Conjurations   | 1 2 |  2.1
Hexes          | 1 2 |  2.1
Summonings     | 1 2 |  2.1
Necromancy     | 1 2 |  2.1
Translocations | 1 2 |  2.1
Transmutations | 1 2 |  2.1
Fire Magic     | 1 2 |  2.1
Air Magic      | 1 2 |  2.1
Earth Magic    | 1 2 |  2.1
Poison Magic   | 1 2 |  2.1
Dodging        | 5 |  5.3
Stealth        | |  4.9
Ice Magic      | |  7.4

Action                     |  1- 3 |  4- 6 |  7- 9 || total
---------------------------+-------+-------+-------++-------
  Melee: Unarmed           |     3 |       |       ||     3
         Dagger            |     5 |     7 |       ||    12
         Falchion          |       |    44 |    39 ||    83
         Bite              |       |     5 |     7 ||    12
   Cast: Freeze            |    44 |    36 |       ||    80
         Frozen Ramparts   |       |     8 |       ||     8
         Ozocubu's Armour  |       |     3 |     1 ||     4
    Use: Potion            |       |       |     1 ||     1
   Stab: Sleeping          |     1 |     2 |     4 ||     7
         Distracted        |       |     1 |       ||     1
 Armour: Robe              |     5 |    16 |     3 ||    24
  Dodge: Dodged            |    21 |    50 |    21 ||    92

Table legend: (Time is in decaauts)
 A = Elapsed time spent in this place.
 B = Non-inter-level travel time spent in this place.
 C = Inter-level travel time spent in this place.
 D = Time resting spent in this place.
 E = Time spent auto-exploring this place.
 F = Levels seen in this place.
 G = Mean time per level.
                   A        B        C        D        E       F      G
               +--------+--------+--------+--------+--------+-----+--------+
         Total |   3360 |   3297 |     63 |     51 |   2661 |   4 |  840.0 |
       Dungeon |   3360 |   3297 |     63 |     51 |   2661 |   4 |  840.0 |
               +--------+--------+--------+--------+--------+-----+--------+

Top non-repeatable levels by time:
     D:1: 1088 daAuts
     D:3: 910 daAuts
     D:4: 757 daAuts
     D:2: 604 daAuts
